Map: Cyber Forest LE

Players

lIlIlIlIIlIl (Dear)

  • Race: Protoss Protoss
  • League: Master
  • Spawn Location: 11:00

OGZest (Zest) - Winner!

  • Race: Protoss Protoss
  • Spawn Location: 5:00

Event: 2019 Assembly Summer

VOD

Have the link to the VOD?

Description

Time

  • Played on: Aug. 3, 2019, 5:19 a.m.
  • Length: 5:47

All games in this series

Show
View Real Time Build Order
Export as new Build Order

lIlIlIlIIlIl Protoss 

Build Orders: Phoenix Opening, Mass Phoenix 

Get SALT Encoding   

  12  0:00  Probe  
  13  0:12  Probe  
  14  0:17  Pylon  
  14  0:24  Probe  
  15  0:32  Probe  
  15  0:37  Gateway  
  15  0:40  Probe  
  16  0:45  Assimilator  
  17  0:51  Probe  
  17  0:54  Assimilator  
  18  0:59  Probe  
  19  1:07  Gateway, Probe  
  19  1:17  Probe  
  20  1:23  Cybernetics Core  
  21  1:31  Probe  
  22  1:33  Pylon  
  22  1:43  Probe  
  23  1:55  Probe  
  23  1:59  Adept  
  23  2:00  Adept  
  28  2:05  Stargate  
  28  2:10  Warp Gate  
  28  2:18  Pylon  
  28  2:37  Stalker  
  28  2:38  Stalker  
  28  2:40  Phoenix  
  34  2:59  Phoenix  
  36  3:17  Pylon  
  36  3:18  Phoenix  
  37  3:39  Nexus  
  37  3:43  Phoenix  
  39  3:53  Gateway  
  39  3:54  Pylon  
  39  4:03  Phoenix  
  41  4:11  Pylon  
  41  4:18  Zealot  
  41  4:19  Zealot  
  41  4:21  Pylon  
  41  4:23  Phoenix  
  47  4:32  Pylon  
  47  4:45  Adept x2  
  51  4:53  Phoenix  
  51  4:59  Adept  
  49  5:17  Shield Battery  
  49  5:18  Phoenix  
  49  5:26  Adept  
Show
View Real Time Build Order
Export as new Build Order

OGZest Protoss - Winner!

Build Orders:  

Get SALT Encoding   

  12  0:00  Probe  
  13  0:12  Probe  
  14  0:17  Pylon  
  14  0:24  Probe  
  15  0:32  Probe  
  15  0:36  Gateway  
  15  0:40  Probe  
  16  0:45  Assimilator  
  17  0:51  Probe  
  17  0:54  Assimilator  
  18  1:00  Probe  
  19  1:07  Gateway  
  19  1:08  Probe  
  19  1:17  Probe  
  20  1:23  Cybernetics Core  
  21  1:29  Probe  
  22  1:35  Pylon  
  22  1:41  Probe  
  24  1:59  Stalker x2  
  28  2:02  Warp Gate  
  27  2:10  Robotics Facility  
  28  2:18  Pylon  
  27  2:36  Pylon  
  27  2:41  Stalker x2  
  30  2:46  Immortal  
  34  3:06  Gateway  
  34  3:10  Probe  
  35  3:15  Warp Prism  
  37  3:30  Pylon  
  37  3:36  Shield Battery  
  37  3:51  Sentry x2  
  37  3:52  Observer, Pylon  
  42  3:59  Stalker  
  44  4:22  Stalker x3  
  50  4:45  Stalker x2  
  52  4:47  Pylon  
  54  5:12  Stalker x3  
  50  5:38  Stalker x3  
Tags
 
Add a new tag
Caveats
  • Supply blocks, unpowered buildings, or Contaminate may cause inaccurate times.
  • Supply counts are checked every 10 seconds.